 Dungeon Crawl Stone Soup version 0.29.1-4-g47bece8355 (webtiles) character file.

Game seed: 15591900843052519058

77 MacCMillion the Insei (level 4, 0/28 HPs)
             Began as an Octopode Transmuter on Dec 9, 2022.
             Slain by a centaur (1 damage)
             ... on level 6 of the Dungeon.
             The game lasted 00:05:13 (2945 turns).

MacCMillion the Insei (Octopode Transmuter)         Turns: 2945, Time: 00:05:14

Health: 0/28       AC:  1    Str:  9    XL:     4   Next: 33%
Magic:  6/7        EV: 13    Int: 17    God:
Gold:   146        SH:  0    Dex: 12    Spells: 2/7 levels left

rFire   . . .      SeeInvis .     - Unarmed
rCold   . . .      Faith    .   (no shield)
rNeg    . . .      Spirit   .   (helmet currently unavailable)
rPois   .          Reflect  .   (no amulet)
rElec   .          Harm     .   (no ring)
rCorr   .          Rampage  .   (no ring)
Will    .....                   (no ring)
Stlth   ++........              (no ring)
HPRegen 0.09/turn               (no ring)
MPRegen 0.10/turn               (no ring)
                                (no ring)
                                (no ring)

@: appendages (expiring)
A: tentacle spike 3, almost no armour, amphibious, 8 rings, camouflage 1,
gelatinous body 1, (nimble swimmer 1), tentacles
a: End Transformation


You were on level 6 of the Dungeon.
One of your tentacles had grown a beastly spike.
You visited 1 branch of the dungeon, and saw 4 of its levels.

You collected 146 gold pieces.

Inventory:

Scrolls
 e - a scroll of brand weapon {unknown}
 g - 3 scrolls of teleportation {unknown}
 h - a scroll of butterflies {unknown}
Potions
 a - a potion of lignification
 c - 4 potions of curing
 d - a potion of might


   Skills:
 - Level 1.0 Fighting
 - Level 2.0 Dodging
 + Level 3.8 Unarmed Combat
 - Level 2.0 Spellcasting
 + Level 3.0 Transmutations
 + Level 2.0 Ice Magic


You had 2 spell levels left.
You knew the following spells:

 Your Spells              Type           Power      Damage    Failure   Level
a - Beastly Appendage     Tmut           22%        N/A       5%          1
b - Ice Form              Ice/Tmut       10%        N/A       56%         4

Your spell library contained the following spells:

 Spells                   Type           Power      Damage    Failure   Level
 Wereblood                Tmut           11%        N/A       9%          2
 Spider Form              Tmut/Pois      6%         N/A       30%         3
 Ignite Poison            Fire/Tmut/Pois 5%         N/A       36%         3
 Conjure Flame            Conj/Fire      1%         6-21      50%         3
 Sticky Flame             Conj/Fire      1%         2d3       88%         4


Dungeon Overview and Level Annotations

Branches:
Dungeon (3/15)

Altars:
Dithmenos


Innate Abilities, Weirdness & Mutations

One of your tentacles has grown a beastly spike.
You cannot wear most types of armour.
You are amphibious.
You can wear up to eight rings at the same time.
Your skin changes colour to match your surroundings (Stealth+).
Your rubbery body absorbs attacks. (AC +1, EV +1)
((You are camouflaged when in or above water. (Stealth+)))
You have tentacles for arms and can constrict up to eight enemies at once.


Message History

HP restored.
Things that are here:
a +0 club; a ball python corpse Your tentacle spike disappears.
f - 2 metallic grey potions (gained 1)
Found 3 stones.
A sourceless malevolence fills the Dungeon...
You fall into a shaft and drop 3 floors!
The shaft crumbles and collapses.
A bullfrog comes into view.
As you read the scroll labelled KIMIUG YLAO, it crumbles to dust.
It is a scroll of identify.
c - 4 potions of curing
As you read the scroll of identify, it crumbles to dust.
d - a potion of might
As you read the scroll of identify, it crumbles to dust.
f - 2 potions of degeneration You drop 2 potions of degeneration.
A bullfrog comes into view.
A centaur comes into view.
The centaur shouts!
The centaur wields a +0 shortbow.
The centaur shoots an arrow.
The arrow hits you!
Casting: Beastly Appendage (safe; 5% risk of failure)
Confirm with . or Enter, or press ? or * to list all spells.
One of your tentacles grows a vicious spike.
The centaur shoots an arrow.
The arrow hits you.
The centaur shoots an arrow.
The arrow closely misses you.
The centaur shoots an arrow.
The arrow hits you!
* * * LOW HITPOINT WARNING * * *
A scorpion comes into view.
Found a runed plate armour.
Your transformation is almost over.
The centaur unwields a +0 shortbow.
The centaur closely misses you. The centaur barely misses you.
You tentacle-slap the centaur but do no damage.
Your squeeze misses the centaur. The centaur hits you.
* * * LOW HITPOINT WARNING * * *
The centaur kicks you.
You die...

....## ## ......
#...####. ......
#....... ......
#...... .#....#
#...... .......
#...... [......##
###...##. ......c.#
####....####
##...@#####......##
#
#...........######
...........#.##
..s....#..#.## #
......###...# #.
...#.. #.### #..
...... #... #..
.....#..#... ...
...#..


You could see a centaur and a scorpion.

Vanquished Creatures
  3 adders (D:2)
  A worm (D:2)
  2 dart slugs
  An orc (D:3)
  2 bats
  2 endoplasms
  3 giant cockroaches
  6 goblins
  4 hobgoblins
  7 kobolds
  A quokka (D:2)
  3 ball pythons
  3 frilled lizards (D:1)
  A rat (D:1)
39 creatures vanquished.

Vanquished Creatures (others)
  4 toadstools (D:1)
4 creatures vanquished.

Grand Total: 43 creatures vanquished

Notes
Turn   | Place    | Note
-------+----------+-------------------------------------------
     0 | D:1      | MacCMillion the Octopode Transmuter began the quest for the
                  | Orb.
     0 | D:1      | Reached XP level 1. HP: 13/13 MP: 3/3
   402 | D:1      | Reached XP level 2. HP: 18/18 MP: 3/5
   517 | D:1      | Reached skill level 1 in Ice Magic
  1496 | D:2      | Reached XP level 3. HP: 19/23 MP: 3/6
  1684 | D:2      | Found a faded altar of an unknown god.
  2155 | D:2      | Found a shadowy altar of Dithmenos.
  2167 | D:2      | Reached XP level 4. HP: 21/28 MP: 5/7
  2746 | D:3      | Learned a level 4 spell: Ice Form
  2902 | D:3      | You fall into a shaft and drop 3 floors!
  2908 | D:6      | Noticed a bullfrog
  2926 | D:6      | Noticed a bullfrog
  2941 | D:6      | Noticed a centaur
  2943 | D:6      | Noticed a scorpion
  2945 | D:6      | HP: 1/28 [centaur (1)]
  2945 | D:6      | Slain by a centaur

Illustrated notes

Levels and vault maps discovered:
D:1:      ldierk_walled_garden_2, layout_basic
D:2:      cheibrodos_helix_gallery, layout_loops_ring, basic_altar,
          shapermc_ecumenical_altar_mp_vishouse
D:3:      layout_loops_corners, makhleb_altar_promises_db,
          nicolae_overflow_two_pavilions, nicolae_shop_unique_rings,
          chequers_big_river, kennysheep_doodads
D:6:      layout_layer_cave

Skill      XL: |  1  2  3  4 |
---------------+-------------+-----
Ice Magic      | 1 2 |  2.0
Transmutations | 3 |  3.0
Fighting       | |  1.0
Dodging        | |  2.0
Unarmed Combat | |  3.8
Spellcasting   | |  2.0

Action                   |  1- 3 |  4- 6 || total
-------------------------+-------+-------++-------
Melee: Unarmed           |    67 |    13 ||    80
       Constrict         |    24 |     4 ||    28
       Kick              |    24 |     3 ||    27
       Tentacles         |    12 |     4 ||    16
       Punch             |     1 |       ||     1
 Cast: Beastly Appendage |    26 |     6 ||    32
  Use: Scroll            |       |     3 ||     3
 Stab: Sleeping          |     5 |     1 ||     6
Armor: Skin              |     2 |     1 ||     3
Dodge: Dodged            |    34 |     8 ||    42
